 Dungeon Crawl Stone Soup version 0.21.1-1-g345015f (webtiles) character file.

814 Kagorn the Cudgeler (level 7, 0/44 HPs)
             Began as a Gargoyle Berserker on June 11, 2018.
             Was a Believer of Trog.
             Slain by a worker ant (3 damage)
             ... on level 5 of the Dungeon.
             The game lasted 00:18:18 (3336 turns).

Kagorn the Cudgeler (Gargoyle Berserker)            Turns: 3336, Time: 00:18:19

Health: 0/44       AC: 16    Str: 24    XL:     7   Next: 93%
Magic:  7/7        EV:  7    Int:  7    God:    Trog [**....]
Gold:   235        SH:  0    Dex: 11    Spells: 6/6 levels left

rFire    . . .     SeeInvis +   a - +0 mace
rCold    . . .     Gourm    .   (no shield)
rNeg     + . .     Faith    .   l - +0 plate armour
rPois    ∞         Spirit   .   (no helmet)
rElec    +         Reflect  .   (no cloak)
rCorr    .         Harm     .   (no gloves)
MR       ++...                  (no boots)
Stlth    ..........             (no amulet)
HPRegen  1.14/turn              m - +3 ring of strength
MPRegen  0.10/turn              o - ring of see invisible

@: about to teleport, berserk cooldown, regenerating, slowed, very slow
A: negative energy resistance 1, electricity resistance, unbreathing,
petrification resistance, rot immunity, AC +4
a: Berserk, Trog's Hand, Burn Spellbooks, Renounce Religion


You were on level 5 of the Dungeon.
You worshipped Trog.
Trog was pleased with you.
You were not hungry.

You visited 1 branch of the dungeon, and saw 5 of its levels.

You collected 235 gold pieces.

Inventory:

Hand Weapons
 a - a +0 mace (weapon)
 p - a +0 war axe
Missiles
 s - 3 tomahawks of returning (quivered)
Armour
 l - a +0 plate armour (worn)
Magical Staves
 u - an uncursed staff of fire
Jewellery
 m - a +3 ring of strength (left hand)
 o - a ring of see invisible (right hand)
 t - an uncursed ring of resist corrosion
Scrolls
 b - 2 scrolls of enchant armour {unknown}
 g - 3 scrolls of teleportation
 h - 7 scrolls of identify
 i - a scroll of fear
 j - a scroll of enchant weapon {unknown}
Potions
 d - a potion of agility {unknown}
 e - a potion of might
 f - a potion of degeneration {unknown}
 n - a potion of invisibility
Comestibles
 c - 5 rations


   Skills:
 + Level 4.8 Fighting
 + Level 7.4 Maces & Flails
 + Level 4.6 Armour
 + Level 2.0 Dodging
 + Level 0.3 Stealth


You had 6 spell levels left.
You didn't know any spells.

Dungeon Overview and Level Annotations

Branches:
Dungeon (5/15)             Temple (0/1) D:4

Altars:
Dithmenos


Innate Abilities, Weirdness & Mutations

You are resistant to torment.
Your stone body is resilient. (AC +4)
You are immune to poison.
You resist negative energy. (rN+)
You are resistant to electric shocks. (rElec)
You can survive without breathing.
You are immune to petrification.
You are immune to rotting.


Message History

As you read the scroll of teleportation, it crumbles to dust.
You feel strangely unstable. The hound barely misses you.
The hound bites you but does no damage.
The iguana bites you but does no damage.
The centaur skeleton hits you but does no damage.
The worker ant bites you but does no damage.
The worker ant bites you.
* * * LOW HITPOINT WARNING * * *
The orc hits you but does no damage. The hound barely misses you.
The iguana barely misses you. The hound closely misses you.
The centaur skeleton closely misses you.
The worker ant bites you but does no damage.
The worker ant bites you.
* * * LOW HITPOINT WARNING * * *
Your skin crawls.
You feel resistant to hostile enchantments.
You feel somewhat more hungry.
The hound bites you but does no damage. x2
The orc closely misses you. The centaur skeleton barely misses you.
The worker ant bites you.
You die...

#.<..#.. #......
#..... # #.
###....##..
#.#####....#.....
#.#...#.........#
##.......oah.....#
.##>.......a@l......
...........WhZ......
................###.
..###..<.......## #
##...#....##
####....## ......#
.......# .....#


You could see a phantom, an iguana, 2 hounds, 2 worker ants, an orc and a
centaur skeleton.

Vanquished Creatures
  Grinder (D:3)
  A hippogriff (D:4)
  Edmund (D:5)
  A scorpion (D:4)
  A crimson imp (D:4)
  A hound (D:5)
  3 worker ants (D:4)
  A hound skeleton (D:4)
  4 adders
  An ooze (D:5)
  An adder skeleton (D:5)
  A worm (D:2)
  2 dart slugs
  2 leopard geckos (D:1)
  4 orcs
  3 ball pythons
  7 bats
  3 giant cockroaches
  6 goblins
  5 hobgoblins
  5 jackals
  5 kobolds
  2 quokkas
  3 frilled lizards
  A giant cockroach zombie (D:5)
  8 rats
73 creatures vanquished.

Notes
Turn   | Place    | Note
-------+----------+-------------------------------------------
     0 | D:1      | Kagorn the Gargoyle Berserker began the quest for the Orb.
     0 | D:1      | Reached XP level 1. HP: 14/14 MP: 1/1
   214 | D:1      | Reached XP level 2. HP: 17/19 MP: 2/2
   767 | D:1      | Reached XP level 3. HP: 24/24 MP: 3/3
  1234 | D:2      | Reached ** piety under Trog
  1652 | D:3      | Reached XP level 4. HP: 27/29 MP: 4/4
  1731 | D:3      | Noticed Grinder
  1743 | D:3      | Killed Grinder
  1743 | D:3      | Reached skill level 5 in Maces & Flails
  1743 | D:3      | Reached XP level 5. HP: 34/34 MP: 5/5
  1743 | D:3      | Reached XP level 6. HP: 39/39 MP: 6/6
  2608 | D:4      | Found a staircase to the Ecumenical Temple.
  2800 | D:4      | Noticed a hippogriff
  2808 | D:4      | Killed a hippogriff
  2808 | D:4      | Reached skill level 6 in Maces & Flails
  2808 | D:4      | Reached XP level 7. HP: 44/44 MP: 7/7
  3096 | D:4      | Found a shadowy altar of Dithmenos.
  3285 | D:5      | Entered Level 5 of the Dungeon
  3293 | D:5      | Reached skill level 7 in Maces & Flails
  3300 | D:5      | Noticed Edmund
  3322 | D:5      | Killed Edmund
  3335 | D:5      | HP: 2/44 [worker ant (4)]
  3336 | D:5      | Slain by a worker ant

Skill      XL: |  1  2  3  4  5  6  7 |
---------------+----------------------+-----
Fighting       | 4 |  4.8
Maces & Flails | 5 6 7 |  7.4
Armour         | 3 4 |  4.6
Dodging        | 2 |  2.0
Stealth        | |  0.3

Action                   |  1- 3 |  4- 6 |  7- 9 || total
-------------------------+-------+-------+-------++-------
Melee: Mace              |    96 |   107 |    59 ||   262
Invok: Trog's Hand       |       |     2 |     2 ||     4
       Berserk           |       |     2 |     1 ||     3
  Use: Scroll            |       |     8 |     1 ||     9
       Potion            |       |     5 |       ||     5
  Eat: Chunk             |     2 |       |       ||     2
       Ration            |     1 |     1 |     1 ||     3
Armor: Scale mail        |    38 |       |       ||    38
       Plate armour      |    33 |   109 |   129 ||   271
Dodge: Dodged            |    49 |    54 |    84 ||   187
